 Dungeon Crawl Stone Soup version 0.17-a0-1718-g72dbe4d (webtiles) character file.

753 kae the Carver (level 7, -2/57 HPs)
             Began as a Minotaur Fighter on Aug 26, 2015.
             Slain by a quokka (5 damage)
             ... on level 5 of the Dungeon.
             The game lasted 00:02:39 (3077 turns).

kae the Carver (Minotaur Fighter)                   Turns: 3077, Time: 00:02:39

Health: -2/57      AC:  0    Str: 20    XL:     7   Next: 49%
Magic:  6/6        EV:  7    Int:  7    God:
Gold:   207        SH:  9    Dex: 10    Spells: 0 memorised, 6 levels left

rFire  . . .     SeeInvis .     a - +0 long sword
rCold  . . .     Clarity  .     b - +0 scale mail
rNeg   . . .     SustAt   .     c - +0 shield
rPois  .         Gourm    .     (helmet restricted)
rElec  .         Spirit   .     (no cloak)
rCorr  .         Warding  .     y - +0 pair of gloves (curse)
rMut   .         Stasis   .     (no boots)
MR     .....                    (no amulet)
Stlth  ..........               (no ring)
                                (no ring)

@: lethally poisoned (-2 -> -3), corroded equipment, not resistant to hostile
enchantments, extremely unstealthy
A: retaliatory headbutt, horns 2, mutation resistance 1
a: no special abilities


You were on level 5 of the Dungeon.
You were not hungry.

You visited 1 branch of the dungeon, and saw 5 of its levels.

You collected 207 gold pieces.

Inventory:

Hand weapons
 a - a +0 long sword (weapon)
Armour
 b - a +0 scale mail (worn)
 c - a +0 shield (worn)
 y - a cursed +0 pair of gloves (worn)
Magical devices
 j - a wand of frost (2)
Scrolls
 f - 3 scrolls of fear {unknown}
 g - a scroll of enchant armour {unknown}
 i - 2 scrolls of enchant weapon {unknown}
 l - 3 scrolls of identify {unknown}
 n - a scroll of fog {unknown}
 p - 2 scrolls of remove curse {unknown}
 u - a scroll of amnesia {unknown}
 w - a scroll of teleportation {unknown}
Potions
 d - a potion of flight {unknown}
 k - a potion of curing {unknown}
 o - 2 potions of brilliance {unknown}
 q - 2 potions of ambrosia {unknown}
 t - 2 potions of magic {unknown}
 v - a potion of poison {unknown}
 z - a potion of lignification {unknown}
 B - 2 potions of haste {unknown}
Comestibles
 e - 5 bread rations
 h - a royal jelly
 m - 3 beef jerkies
 r - 3 meat rations
 s - 3 slices of pizza
 A - 2 chunks of flesh


   Skills:
 - Level 3.6 Fighting
 + Level 10.2 Long Blades
 - Level 3.6 Armour
 - Level 3.6 Shields


You had 6 spell levels left.
You didn't know any spells.

Dungeon Overview and Level Annotations

Branches:
Dungeon (5/15)
 Temple: D:4-7

Altars:

Shops:
D:4 :

Portals:
Sewer: D:5


Innate Abilities, Weirdness & Mutations

You reflexively headbutt those who attack you in melee.
You have a pair of horns on your head.
You are somewhat resistant to further mutation.


Message History

The ooze moves out of view.
You hit the quokka. Your headbutt misses the quokka.
The quokka is moderately wounded.
The quokka bites you.
* * * LOW HITPOINT WARNING * * *
You block the quokka's attack.
You closely miss the quokka.
The quokka is moderately wounded.
The quokka barely misses you. You furiously retaliate!
You headbutt the quokka.
Your shield and scale mail prevent you from hitting the quokka.
Your headbutt misses the quokka.
The quokka is moderately wounded.
You feel sick. You block the quokka's attack.
You closely miss the quokka. Your headbutt misses the quokka.
The quokka is moderately wounded.
You block the quokka's attack.
Your shield prevents you from hitting the quokka.
The quokka is moderately wounded.
The quokka bites you.
You die...

...... ..... ....
... J.###### ####
#.#....#####
....##r#....≈≈≈≈∩
...)...@†...≈≈≈≈≈
........(..$.≈≈≈≈
........((.....≈≈
###....(.###....≈
#......(.# ....
###......# ###
#......##..
##......#.#
#......#.#


You could see an ooze and a quokka.

Vanquished Creatures
  The ghost of kae the Slasher, an average MiFi (D:4)
  An ogre (D:4)
  A centaur (D:5)
  A jelly (D:5)
  A hound (D:4)
  Ijyb (D:2)
  An orc priest (D:4)
  A centaur skeleton (D:4)
  3 orc wizards (D:4)
  Terence (D:2)
  2 worker ants (D:4)
  A hound skeleton (D:4)
  Robin (D:2)
  6 adders
  A gnoll (D:1)
  A river rat (D:5)
  4 worms
  3 giant geckos (D:3)
  11 orcs
  2 ball pythons (D:5)
  3 bats
  4 giant cockroaches
  20 goblins
  4 hobgoblins
  8 kobolds
  5 quokkas
  4 giant newts
  A quokka zombie (D:5)
  7 rats
100 creatures vanquished.

Notes
Turn   | Place    | Note
--------------------------------------------------------------
     0 | D:1      | kae the Minotaur Fighter began the quest for the Orb.
     0 | D:1      | Reached XP level 1. HP: 19/19 MP: 0/0
    58 | D:1      | Reached XP level 2. HP: 21/26 MP: 1/1
   270 | D:1      | Reached skill level 4 in Long Blades
   356 | D:1      | Reached XP level 3. HP: 22/31 MP: 2/2
   674 | D:2      | Noticed Robin
   690 | D:2      | Killed Robin
   699 | D:2      | Reached skill level 5 in Long Blades
   897 | D:2      | Reached XP level 4. HP: 26/39 MP: 3/3
  1038 | D:2      | Noticed Terence
  1040 | D:2      | Noticed Ijyb
  1058 | D:2      | Gained mutation: You have sharp toenails. [potion of mutation]
  1058 | D:2      | Lost mutation: You have sharp toenails. [potion of mutation]
  1058 | D:2      | Gained mutation: You are somewhat resistant to further mutation. [potion of mutation]
  1060 | D:2      | Killed Terence
  1065 | D:2      | Killed Ijyb
  1065 | D:2      | Reached skill level 6 in Long Blades
  1898 | D:3      | Reached XP level 5. HP: 45/45 MP: 4/4
  2180 | D:4      | Reached skill level 7 in Long Blades
  2211 | D:4      | Found Kinah's Book Shoppe.
  2244 | D:4      | Noticed kae's ghost (average MiFi)
  2256 | D:4      | Killed kae's ghost
  2256 | D:4      | Reached XP level 6. HP: 43/51 MP: 5/5
  2346 | D:4      | Reached skill level 8 in Long Blades
  2486 | D:4      | Noticed an ogre
  2492 | D:4      | Killed an ogre
  2589 | D:4      | Reached skill level 9 in Long Blades
  2596 | D:4      | Reached XP level 7. HP: 46/57 MP: 6/6
  3019 | D:5      | Entered Level 5 of the Dungeon
  3051 | D:5      | Found a glowing drain.
  3066 | D:5      | Reached skill level 10 in Long Blades
  3077 | D:5      | Slain by a quokka

Vault maps used:
D:1:      matt_arrival_diagonals, serial_glass, glass_columns_a,
          glass_columns_a, feat_on_display, feat_on_display
D:2:      kennysheep_generic_room_12, uniq_iyjb, uniq_robin, uniq_terence
D:3:      first_bread
D:4:      serial_shops, nicolae_shop_statue_plus, grunt_decor_arrowhead
D:5:      nemelex_xobeh_ov_fountains_minmay, portal_sewer_entry_b, serial_shops,
          nicolae_shop_statue_plus, jiyva_altar_1

Action                   |  1- 3 |  4- 6 |  7- 9 || total
-------------------------+-------+-------+-------++-------
Melee: Long sword        |    93 |   130 |    63 ||   286
  Use: Potion            |       |     3 |     1 ||     4
  Eat: Chunk             |       |     5 |     2 ||     7
